TOP OF THE 1ST |
Asheville Tourists batting - Pitching for Montgomery Rebels : RHP Scott Patterson
|
Pitching: RHP Scott Patterson
|
|
Batting: LHB Elias Nava
|
0-0: Ball 1-0: Swinging Strike 1-1: Ball 2-1: Ball 3-1: Foul Ball, location: 2F 3-2: Strikes out swinging
|
Batting: SHB Julio Estrada
|
0-0: Ball 1-0: Ball 2-0: SINGLE (Flyball, 8LS, EV 93.8 MPH)
|
Batting: RHB John Damon
|
0-0: Ball 1-0: Called Strike 1-1: Ground out 4-3 (Groundball, 34, EV 110.0 MPH) Julio Estrada to second
|
Batting: RHB Bill Lindsey
|
0-0: Called Strike 0-1: Ball 1-1: Ground out 4-3 (Groundball, 4, EV 84.4 MPH)
|
Top of the 1st over - 0 runs, 1 hit, 0 errors, 1 left on base; Asheville 0 - Montgomery 0 |
BOTTOM OF THE 1ST |
Montgomery Rebels batting - Pitching for Asheville Tourists : RHP Lazaro Santin
|
Pitching: RHP Lazaro Santin
|
|
Batting: LHB Oscar Ramirez
|
0-0: Swinging Strike 0-1: Swinging Strike 0-2: Ball 1-2: Ball 2-2: Strikes out looking
|
Batting: RHB Kevin McGann
|
0-0: Called Strike 0-1: Foul Ball, location: 2F 0-2: Ball 1-2: Strikes out swinging
|
Batting: SHB Mike D Young
|
0-0: Ball 1-0: SOLO HOME RUN (Line Drive, 9LD, EV 95.0 MPH), Distance : 358 ft
|
Batting: LHB Mark Bingham
|
0-0: Ball 1-0: Ball 2-0: Ball 3-0: Base on Balls
|
Batting: RHB Victor Saenz
|
0-0: Ball 1-0: Ball 2-0: Foul Ball, location: 2F 2-1: Foul Ball, location: 2F 2-2: Foul Ball, location: 2F 2-2: Strikes out swinging
|
Bottom of the 1st over - 1 run, 1 hit, 0 errors, 1 left on base; Asheville 0 - Montgomery 1 |
TOP OF THE 2ND |
Asheville Tourists batting - Pitching for Montgomery Rebels : RHP Scott Patterson
|
Batting: SHB Dan Hanggie
|
0-0: DOUBLE (Line Drive, 78D, EV 104.4 MPH)
|
Batting: RHB Steven Campbell
|
0-0: Foul Ball, location: 2F 0-1: Ball 1-1: Called Strike 1-2: Strikes out swinging
|
Batting: RHB Daniel Gausepohl
|
0-0: SINGLE (Flyball, 8RS, EV 94.4 MPH) Dan Hanggie to third Runner from 3rd tries for Home, SAFE, no throw by CF
|
Batting: LHB Steven Morrison
|
0-0: Ball 1-0: Foul Ball, location: 2F 1-1: Foul Ball, location: 2F 1-2: Ball 2-2: Ball 3-2: Fly out, F8 (Flyball, 78D, EV 96.9 MPH)
|
Batting: RHB Jack Ramirez
|
0-0: Ball 1-0: Foul Ball, location: 2F 1-1: SINGLE (Groundball, 6MD, EV 103.1 MPH) Daniel Gausepohl to second
|
Batting: LHB Elias Nava
|
0-0: Ball 1-0: Ball 2-0: Ball 3-0: Base on Balls Daniel Gausepohl to third Jack Ramirez to second
|
Batting: SHB Julio Estrada
|
0-0: Called Strike 0-1: Swinging Strike 0-2: Foul Ball, location: 2F 0-2: Strikes out swinging
|
Top of the 2nd over - 1 run, 3 hits, 0 errors, 3 left on base; Asheville 1 - Montgomery 1 |
BOTTOM OF THE 2ND |
Montgomery Rebels batting - Pitching for Asheville Tourists : RHP Lazaro Santin
|
Batting: LHB Robert Wing
|
0-0: Ball 1-0: Ball 2-0: Called Strike 2-1: Fly out, F7 (Flyball, 78M, EV 88.8 MPH)
|
Batting: SHB Raul Gonzalez
|
0-0: Foul Ball, location: 2F 0-1: Ball 1-1: Ground out 6-3 (Groundball, 6M, EV 86.9 MPH)
|
Batting: RHB Brian Poldberg
|
0-0: Ball 1-0: DOUBLE (Flyball, 89XD, EV 106.9 MPH)
|
Batting: RHB Tom Goffena
|
0-0: Ball 1-0: Ball 2-0: Called Strike 2-1: Ball 3-1: Ground out U3 (Groundball, 3S, EV 84.4 MPH)
|
Bottom of the 2nd over - 0 runs, 1 hit, 0 errors, 1 left on base; Asheville 1 - Montgomery 1 |
TOP OF THE 3RD |
Asheville Tourists batting - Pitching for Montgomery Rebels : RHP Scott Patterson
|
Batting: RHB John Damon
|
0-0: Ball 1-0: Called Strike 1-1: Ball 2-1: Ball 3-1: Ground out 4-3 (Groundball, 4, EV 108.8 MPH)
|
Batting: RHB Bill Lindsey
|
0-0: DOUBLE (Flyball, 8RXD, EV 92.5 MPH)
|
Batting: SHB Dan Hanggie
|
0-0: Ball 1-0: Ball 2-0: Ball 3-0: Base on Balls
|
Batting: RHB Steven Campbell
|
0-0: Ball 1-0: Called Strike 1-1: Swinging Strike 1-2: Strikes out swinging
|
Batting: RHB Daniel Gausepohl
|
0-0: Ball 1-0: Ball 2-0: Ground out 1-3 (Groundball, 15S, EV 68.8 MPH)
|
Top of the 3rd over - 0 runs, 1 hit, 0 errors, 2 left on base; Asheville 1 - Montgomery 1 |
BOTTOM OF THE 3RD |
Montgomery Rebels batting - Pitching for Asheville Tourists : RHP Lazaro Santin
|
Batting: LHB Oscar Ramirez
|
0-0: Ball 1-0: Ball 2-0: Ball 3-0: Called Strike 3-1: Base on Balls
|
Batting: RHB Kevin McGann
|
0-0: Fly out, F9 (Flyball, 9LM, EV 110.6 MPH)
|
Batting: SHB Mike D Young
|
0-0: Ball 1-0: Ball 2-0: Ball 3-0: Called Strike 3-1: Called Strike 3-2: Strikes out swinging
|
Batting: LHB Mark Bingham
|
0-0: Ball 1-0: Called Strike 1-1: Ball 2-1: Foul Ball, location: 2F 2-2: Ball 3-2: Base on Balls Oscar Ramirez to second
|
Batting: RHB Victor Saenz
|
0-0: Foul Ball, location: 2F 0-1: Swinging Strike 0-2: Ball 1-2: Strikes out swinging
|
Bottom of the 3rd over - 0 runs, 0 hits, 0 errors, 2 left on base; Asheville 1 - Montgomery 1 |
TOP OF THE 4TH |
Asheville Tourists batting - Pitching for Montgomery Rebels : RHP Scott Patterson
|
Batting: LHB Steven Morrison
|
0-0: Ball 1-0: Swinging Strike 1-1: Foul Ball, location: 2F 1-2: Ball 2-2: Ball 3-2: Base on Balls
|
Batting: RHB Jack Ramirez
|
0-0: Ball 1-0: Foul Ball, location: 2F 1-1: SINGLE (Groundball, 6S, EV 73.1 MPH) (infield hit) Steven Morrison to second
|
Batting: LHB Elias Nava
|
0-0: Ball 1-0: Ball 2-0: Ball 3-0: Called Strike 3-1: Foul Ball, location: 2F 3-2: Foul Ball, location: 2F 3-2: Foul Ball, location: 2F 3-2: Base on Balls Steven Morrison to third Jack Ramirez to second
|
Batting: SHB Julio Estrada
|
0-0: Grounds into double play, 6-4-3 (Groundball, 6, EV 83.1 MPH) Steven Morrison scores Jack Ramirez to third
|
Batting: RHB John Damon
|
0-0: Swinging Strike 0-1: Called Strike 0-2: Ball 1-2: Foul Ball, location: 2F 1-2: Ball Wild Pitch! Jack Ramirez scores 2-2: Strikes out swinging
|
Top of the 4th over - 2 runs, 1 hit, 0 errors, 0 left on base; Asheville 3 - Montgomery 1 |
BOTTOM OF THE 4TH |
Montgomery Rebels batting - Pitching for Asheville Tourists : RHP Lazaro Santin
|
Batting: LHB Robert Wing
|
0-0: Ball 1-0: Ball 2-0: Ball 3-0: Called Strike 3-1: Ground out U3 (Groundball, 3S, EV 85.6 MPH)
|
Batting: SHB Raul Gonzalez
|
0-0: Ground out 4-3 (Groundball, 4, EV 78.8 MPH)
|
Batting: RHB Brian Poldberg
|
0-0: Ball 1-0: Ball 2-0: Ball 3-0: Base on Balls
|
Batting: RHB Tom Goffena
|
0-0: Foul Ball, location: 2F 0-1: Swinging Strike 0-2: Foul Ball, location: 2F 0-2: Foul Ball, location: 2F 0-2: Foul Ball, location: 2F 0-2: Ball 1-2: Ball 2-2: Ball 3-2: Strikes out looking
|
Bottom of the 4th over - 0 runs, 0 hits, 0 errors, 1 left on base; Asheville 3 - Montgomery 1 |
TOP OF THE 5TH |
Asheville Tourists batting - Pitching for Montgomery Rebels : RHP Scott Patterson
|
Batting: RHB Bill Lindsey
|
0-0: Called Strike 0-1: Called Strike 0-2: Ball 1-2: Fly out, F8 (Flyball, 8RXD, EV 103.8 MPH)
|
Batting: SHB Dan Hanggie
|
0-0: Called Strike 0-1: Ball 1-1: Swinging Strike 1-2: Fly out, F9 (Flyball, 89D, EV 103.8 MPH)
|
Batting: RHB Steven Campbell
|
0-0: Ball 1-0: Ball 2-0: Called Strike 2-1: Ground out 4-3 (Groundball, 34, EV 88.1 MPH)
|
Top of the 5th over - 0 runs, 0 hits, 0 errors, 0 left on base; Asheville 3 - Montgomery 1 |
BOTTOM OF THE 5TH |
Montgomery Rebels batting - Pitching for Asheville Tourists : RHP Lazaro Santin
|
Batting: LHB Oscar Ramirez
|
0-0: Called Strike 0-1: Foul Ball, location: 2F 0-2: Ball 1-2: Foul Ball, location: 2F 1-2: Ground out 6-3 (Groundball, 6M, EV 105.0 MPH)
|
Batting: RHB Kevin McGann
|
0-0: Ball 1-0: Foul Ball, location: 2F 1-1: Ball 2-1: Ground out 4-3 (Groundball, 4, EV 104.4 MPH)
|
Batting: SHB Mike D Young
|
0-0: Ball 1-0: Hit by Pitch
|
Batting: LHB Mark Bingham
|
0-0: Swinging Strike 0-1: Called Strike 0-2: Strikes out looking
|
Bottom of the 5th over - 0 runs, 0 hits, 0 errors, 1 left on base; Asheville 3 - Montgomery 1 |
TOP OF THE 6TH |
Asheville Tourists batting - Pitching for Montgomery Rebels : RHP Scott Patterson
|
Batting: RHB Daniel Gausepohl
|
0-0: Ball 1-0: Foul Ball, location: 2F 1-1: Ground out 6-3 (Groundball, 6, EV 82.5 MPH)
|
Batting: LHB Steven Morrison
|
0-0: Ball 1-0: Ground out 6-3 (Groundball, 6, EV 82.5 MPH)
|
Batting: RHB Jack Ramirez
|
0-0: Ball 1-0: Ball 2-0: Ground out 6-3 (Groundball, 6, EV 104.4 MPH)
|
Top of the 6th over - 0 runs, 0 hits, 0 errors, 0 left on base; Asheville 3 - Montgomery 1 |
BOTTOM OF THE 6TH |
Montgomery Rebels batting - Pitching for Asheville Tourists : RHP Lazaro Santin
|
Batting: RHB Victor Saenz
|
0-0: Called Strike 0-1: Ball 1-1: Foul Ball, location: 2F 1-2: Ball 2-2: Foul Ball, location: 2F 2-2: Ground out 4-3 (Groundball, 34, EV 81.3 MPH)
|
Batting: LHB Robert Wing
|
0-0: Ball 1-0: Called Strike 1-1: Ball 2-1: Ball 3-1: Foul Ball, location: 2F 3-2: Base on Balls
|
Batting: SHB Raul Gonzalez
|
0-0: Called Strike 0-1: Ball 1-1: Swinging Strike 1-2: Strikes out swinging
|
Batting: RHB Brian Poldberg
|
0-0: Ball 1-0: Called Strike 1-1: Swinging Strike 1-2: Ball 2-2: Ball 3-2: Strikes out swinging
|
Bottom of the 6th over - 0 runs, 0 hits, 0 errors, 1 left on base; Asheville 3 - Montgomery 1 |
TOP OF THE 7TH |
Asheville Tourists batting - Pitching for Montgomery Rebels : RHP Scott Patterson
|
Batting: LHB Elias Nava
|
0-0: Called Strike 0-1: Foul Ball, location: 2F 0-2: Ball 1-2: Ball 2-2: Ball 3-2: Ground out 6-3 (Groundball, 6, EV 83.8 MPH)
|
Batting: SHB Julio Estrada
|
0-0: Called Strike 0-1: Ball 1-1: Fly out, F2 (Popup, 25F, EV 91.3 MPH)
|
Batting: RHB John Damon
|
0-0: Ball 1-0: Called Strike 1-1: Ball 2-1: Swinging Strike 2-2: Fly out, F9 (Flyball, 89D, EV 90.6 MPH)
|
Top of the 7th over - 0 runs, 0 hits, 0 errors, 0 left on base; Asheville 3 - Montgomery 1 |
BOTTOM OF THE 7TH |
Montgomery Rebels batting - Pitching for Asheville Tourists : RHP Lazaro Santin
|
Batting: RHB Tom Goffena
|
0-0: Called Strike 0-1: Ball 1-1: Ball 2-1: Swinging Strike 2-2: Ground out 6-3 (Groundball, 6M, EV 85.6 MPH)
|
Pitching: RHP Frank DeJiulio
|
|
Batting: LHB Oscar Ramirez
|
0-0: Foul Ball, location: 2F 0-1: Ball 1-1: Swinging Strike 1-2: Fly out, F7 (Flyball, 78D, EV 81.9 MPH)
|
Batting: RHB Kevin McGann
|
0-0: Called Strike 0-1: Ball 1-1: Fly out, F7 (Flyball, 78M, EV 91.9 MPH)
|
Bottom of the 7th over - 0 runs, 0 hits, 0 errors, 0 left on base; Asheville 3 - Montgomery 1 |
TOP OF THE 8TH |
Asheville Tourists batting - Pitching for Montgomery Rebels : RHP Scott Patterson
|
Batting: RHB Bill Lindsey
|
0-0: Called Strike 0-1: Swinging Strike 0-2: Strikes out looking
|
Batting: SHB Dan Hanggie
|
0-0: Ball 1-0: Swinging Strike 1-1: Ball 2-1: Swinging Strike 2-2: Foul Ball, location: 2F 2-2: Ball 3-2: Base on Balls
|
Batting: RHB Steven Campbell
|
0-0: Called Strike 0-1: Ball 1-1: Foul Ball, location: 2F 1-2: Strikes out swinging
|
Batting: RHB Daniel Gausepohl
|
0-0: Called Strike 0-1: Ball 1-1: Ball 2-1: Fielders Choice at 2nd, U6 (Groundball, 6M, EV 102.5 MPH)
|
Top of the 8th over - 0 runs, 0 hits, 0 errors, 1 left on base; Asheville 3 - Montgomery 1 |
BOTTOM OF THE 8TH |
Montgomery Rebels batting - Pitching for Asheville Tourists : RHP Frank DeJiulio
|
Batting: SHB Mike D Young
|
0-0: Foul Ball, location: 2F 0-1: Ball 1-1: Foul Ball, location: 2F 1-2: Foul Ball, location: 2F 1-2: Ball 2-2: Ball 3-2: Fly out, F9 (Flyball, 9LM, EV 88.8 MPH)
|
Batting: LHB Mark Bingham
|
0-0: Called Strike 0-1: Ball 1-1: DOUBLE (Line Drive, 9LM, EV 94.4 MPH)
|
Batting: RHB Victor Saenz
|
0-0: Called Strike 0-1: DOUBLE (Flyball, 8LXD, EV 102.5 MPH) Mark Bingham scores
|
Pitching: RHP Andy Replogle
|
|
Batting: LHB Robert Wing
|
0-0: Ball 1-0: Ball 2-0: Ground out 3-1 (Groundball, 3S, EV 75.0 MPH) Victor Saenz to third
|
Pinch Hitting: LHB Larry Ray
|
0-0: Ball 1-0: Fly out, F7 (Flyball, 7D, EV 83.1 MPH)
|
Bottom of the 8th over - 1 run, 2 hits, 0 errors, 1 left on base; Asheville 3 - Montgomery 2 |
TOP OF THE 9TH |
Asheville Tourists batting - Pitching for Montgomery Rebels : RHP Scott Patterson
|
Now in LF: Larry Ray
|
|
Batting: LHB Steven Morrison
|
0-0: Ground out 1-3 (Groundball, 13S, EV 66.3 MPH)
|
Batting: RHB Jack Ramirez
|
0-0: Ball 1-0: Swinging Strike 1-1: Ball 2-1: Ball 3-1: Base on Balls
|
Batting: LHB Elias Nava
|
0-0: Called Strike 0-1: Ball 1-1: SINGLE (Groundball, 4MD, EV 87.5 MPH) (infield hit) Jack Ramirez to second
|
Batting: SHB Julio Estrada
|
0-0: Ball 1-0: Swinging Strike 1-1: Ball 2-1: Ball 3-1: Foul Ball, location: 2F 3-2: Base on Balls Jack Ramirez to third Elias Nava to second
|
Batting: RHB John Damon
|
0-0: Ball 1-0: Ball 2-0: Grounds into fielders choice 6-2 (Groundball, 56, EV 80.6 MPH) Elias Nava to third Julio Estrada to second
|
Batting: RHB Bill Lindsey
|
0-0: Called Strike 0-1: Called Strike 0-2: Strikes out swinging
|
Top of the 9th over - 0 runs, 1 hit, 0 errors, 3 left on base; Asheville 3 - Montgomery 2 |
BOTTOM OF THE 9TH |
Montgomery Rebels batting - Pitching for Asheville Tourists : RHP Andy Replogle
|
Pitching: RHP Michael Culbert
|
|
Batting: RHB Brian Poldberg
|
0-0: Called Strike 0-1: Ball 1-1: Called Strike 1-2: Strikes out looking
|
Pinch Hitting: SHB Keith Spreckels
|
0-0: Called Strike 0-1: Called Strike 0-2: Ball 1-2: Strikes out swinging
|
Batting: LHB Oscar Ramirez
|
0-0: Called Strike 0-1: Foul Ball, location: 2F 0-2: Ball 1-2: Foul Ball, location: 2F 1-2: SOLO HOME RUN (Line Drive, 89XD, EV 107.5 MPH), Distance : 408 ft
|
Batting: RHB Kevin McGann
|
0-0: Foul Ball, location: 2F 0-1: SINGLE (Groundball, 6MD, EV 108.1 MPH)
|
Batting: SHB Mike D Young
|
0-0: Foul Ball, location: 2F 0-1: Swinging Strike 0-2: Ball 1-2: Strikes out swinging
|
Bottom of the 9th over - 1 run, 2 hits, 0 errors, 1 left on base; Asheville 3 - Montgomery 3 |
TOP OF THE 10TH |
Asheville Tourists batting - Pitching for Montgomery Rebels : RHP Scott Patterson
|
Pitching: LHP Chuck McMichael
|
|
Now at SS: James Camacho
|
|
Batting: SHB Dan Hanggie
|
0-0: Foul Ball, location: 2F 0-1: Foul Ball, location: 2F 0-2: Foul Ball, location: 2F 0-2: Foul Ball, location: 2F 0-2: Ball 1-2: Foul Ball, location: 2F 1-2: Ball 2-2: Foul Ball, location: 2F 2-2: SOLO HOME RUN (Flyball, 7LD, EV 96.9 MPH), Distance : 341 ft
|
Batting: RHB Steven Campbell
|
0-0: Ball 1-0: Foul Ball, location: 2F 1-1: Foul Ball, location: 2F 1-2: Fly out, F9 (Flyball, 89D, EV 106.3 MPH)
|
Batting: RHB Daniel Gausepohl
|
0-0: Called Strike 0-1: Ball 1-1: Ball 2-1: Foul Ball, location: 2F 2-2: Ball 3-2: Ground out 1-3 (Groundball, 34S, EV 71.9 MPH)
|
Batting: LHB Steven Morrison
|
0-0: Called Strike 0-1: Swinging Strike 0-2: Ball 1-2: Strikes out swinging
|
Top of the 10th over - 1 run, 1 hit, 0 errors, 0 left on base; Asheville 4 - Montgomery 3 |
BOTTOM OF THE 10TH |
Montgomery Rebels batting - Pitching for Asheville Tourists : RHP Michael Culbert
|
Batting: LHB Mark Bingham
|
0-0: Called Strike 0-1: Ball 1-1: Ball 2-1: Swinging Strike 2-2: Ball 3-2: Foul Ball, location: 2F 3-2: Foul Ball, location: 2F 3-2: Ground out 4-3 (Groundball, 4, EV 80.0 MPH)
|
Batting: RHB Victor Saenz
|
0-0: Swinging Strike 0-1: Ball 1-1: Ball 2-1: Fly out, F9 (Flyball, 9D, EV 100.0 MPH)
|
Batting: LHB Robert Wing
|
0-0: Ball 1-0: Called Strike 1-1: Fly out, F8 (Flyball, 8RD, EV 85.6 MPH)
|
Bottom of the 10th over - 0 runs, 0 hits, 0 errors, 0 left on base; Asheville 4 - Montgomery 3 |
|